Map: 2000 Atmospheres LE

Players

Creator

  • Race: Protoss Protoss

Astrea - Winner!

  • Race: Protoss Protoss

Event: IEM Katowice 2022

VOD

Have the link to the VOD?

Description

Time

  • Played on: Feb. 23, 2022, 6:17 a.m.
  • Length: 19:17

All games in this series

Show
View Real Time Build Order
Export as new Build Order

Creator Protoss 

Build Orders: Oracle Opening 

Get SALT Encoding   

  12  0:00  Probe  
  13  0:12  Probe  
  14  0:18  Pylon  
  14  0:24  Probe (Chrono Boost)  
  15  0:36  Probe (Chrono Boost)  
  15  0:37  Gateway  
  16  0:45  Probe (Chrono Boost), Assimilator  
  17  0:51  Probe  
  17  0:54  Assimilator  
  18  1:03  Probe (Chrono Boost)  
  19  1:06  Gateway  
  19  1:12  Probe (Chrono Boost)  
  19  1:17  Probe (Chrono Boost)  
  20  1:24  Cybernetics Core  
  21  1:29  Probe  
  22  1:36  Pylon  
  22  1:41  Probe  
  23  1:54  Probe  
  23  2:00  Stalker x2  
  28  2:10  Pylon  
  28  2:14  Stargate  
  28  2:21  Warp Gate  
  28  2:30  Adept  
  28  2:31  Adept  
  32  2:56  Nexus  
  32  3:03  Oracle (Chrono Boost)  
  32  3:09  Probe  
  36  3:17  Pylon  
  36  3:32  Oracle (Chrono Boost)  
  37  3:35  Probe  
  40  3:47  Probe  
  41  3:55  Twilight Council  
  41  3:59  Probe  
  40  4:03  Shield Battery  
  40  4:10  Stalker x2, Probe (Chrono Boost)  
  40  4:12  Probe (Chrono Boost)  
  46  4:22  Probe (Chrono Boost), Phoenix  
  50  4:24  Probe (Chrono Boost)  
  50  4:30  Probe (Chrono Boost)  
  51  4:31  Probe (Chrono Boost)  
  51  4:36  Probe  
  51  4:38  Probe  
  54  4:46  Blink (Chrono Boost)  
  54  4:50  Gateway, Probe x2  
  56  4:58  Stalker  
  58  5:04  Gateway  
  58  5:08  Stalker  
  58  5:09  Probe  
  58  5:10  Probe  
  58  5:11  Pylon  
  58  5:13  Pylon  
  62  5:26  Pylon  
  62  5:29  Probe x2  
  64  5:38  Nexus  
  64  5:42  Stalker x2  
  68  5:49  Probe x2  
  70  5:53  Stalker  
  70  5:54  Pylon  
  70  5:56  Pylon  
  70  6:02  Probe x2  
  70  6:03  Assimilator  
  72  6:10  Stalker x3  
  78  6:16  Shield Battery  
  78  6:17  Probe  
  78  6:18  Probe  
  80  6:19  Stalker  
  82  6:29  Probe  
  82  6:30  Probe  
  84  6:35  Gateway  
  84  6:36  Gateway  
  84  6:39  Stalker x2  
  88  6:45  Probe x2  
  90  6:53  Probe  
  91  6:54  Forge  
  91  6:56  Stalker x2  
  95  7:04  Stalker x2  
  99  7:09  Probe x3  
  99  7:10  Charge  
  99  7:12  Pylon  
  102  7:21  Probe x3  
  105  7:22  Adept  
  105  7:23  Adept  
  105  7:27  Pylon  
  109  7:33  Probe x3  
  109  7:36  Stalker x3  
  106  7:49  Probe x3  
  109  7:53  Zealot  
  109  7:54  Zealot  
  113  7:59  Photon Cannon  
  113  8:06  Probe x3  
  113  8:12  Protoss Ground Weapons Level 1 (Chrono Boost)  
  116  8:13  Pylon  
  116  8:16  Assimilator  
  116  8:17  Assimilator  
  116  8:18  Probe x2 (Chrono Boost)  
  116  8:19  Probe (Chrono Boost)  
  119  8:28  Probe x3 (Chrono Boost)  
  119  8:32  Gateway  
  119  8:33  Probe x3 (Chrono Boost)  
  122  8:34  Gateway  
  122  8:35  Pylon  
  122  8:39  Robotics Facility  
  124  8:45  Probe  
  124  8:46  Probe x2  
  124  8:47  Photon Cannon  
  125  8:53  Sentry  
  125  8:54  Zealot x4  
  135  8:59  Photon Cannon  
  135  9:07  Assimilator  
  134  9:10  Zealot, Probe x2  
  134  9:11  Probe  
  134  9:12  Templar Archives  
  137  9:23  Zealot x5  
  145  9:27  Observer (Chrono Boost)  
  145  9:30  Stalker  
  148  9:35  Pylon  
  148  9:38  Pylon  
  148  9:39  Pylon, Phoenix  
  148  9:40  Robotics Bay, Robotics Facility  
  148  9:42  Observer  
  149  9:59  Nexus  
  149  10:02  Pylon  
  149  10:03  High Templar x2, Zealot  
  154  10:07  Archon  
  154  10:17  Stalker x3  
  154  10:19  Nexus  
  156  10:26  Protoss Ground Weapons Level 2  
  159  10:29  Disruptor (Chrono Boost)  
  159  10:31  Pylon, Probe x3  
  162  10:38  Disruptor (Chrono Boost)  
  165  10:43  Probe x3  
  165  10:44  Gravitic Boosters  
  168  10:50  Photon Cannon  
  168  10:51  Shield Battery  
  171  10:59  Disruptor (Chrono Boost)  
  171  11:00  Disruptor (Chrono Boost)  
  170  11:16  Probe x3  
  170  11:18  Dark Shrine, Assimilator  
  167  11:20  Assimilator  
  167  11:29  Disruptor (Chrono Boost)  
  167  11:32  Disruptor (Chrono Boost)  
  173  11:34  Photon Cannon, Shield Battery  
  173  11:48  Probe x3  
  173  11:49  Probe  
  177  11:54  Disruptor (Chrono Boost)  
  180  12:07  Fleet Beacon, Disruptor, Stargate  
  183  12:21  Stalker x5  
  183  12:22  Stalker  
  193  12:26  Gateway  
  193  12:28  Gateway  
  193  12:29  Disruptor  
  183  12:30  Gateway  
  183  12:36  Pylon  
  173  12:39  Zealot x2  
  173  12:43  Disruptor (Chrono Boost)  
  152  12:49  Zealot x6  
  153  13:02  Disruptor (Chrono Boost)  
  156  13:11  Dark Templar  
  156  13:12  Zealot x4, Dark Templar  
  168  13:14  Disruptor (Chrono Boost)  
  168  13:15  Stalker  
  168  13:16  Zealot  
  175  13:22  Stalker  
  169  13:27  Stalker x2  
  169  13:31  Observer  
  160  13:43  Zealot x2  
  160  13:44  Zealot x4, Disruptor (Chrono Boost)  
  162  13:49  Zealot x3  
  162  13:50  Disruptor (Chrono Boost)  
  160  13:57  Zealot x2  
  160  14:00  Shield Battery  
  160  14:02  Archon  
  162  14:04  Shadow Stride (Chrono Boost)  
  162  14:06  Zealot, Dark Templar x2  
  168  14:12  Disruptor (Chrono Boost)  
  168  14:16  Stalker x3  
  177  14:17  Disruptor  
  177  14:19  Nexus  
  177  14:23  Dark Templar x2  
  178  14:32  Stalker x3  
  184  14:39  Probe x4  
  184  14:42  Zealot, Dark Templar x2  
  194  14:47  Archon  
  194  14:48  Disruptor (Chrono Boost)  
  193  14:58  Stalker x2  
  193  14:59  Protoss Ground Armor Level 1 (Chrono Boost)  
  195  15:16  Warp Prism (Chrono Boost)  
  195  15:21  Stalker x2  
  198  15:24  Photon Cannon  
  198  15:25  Shield Battery  
  198  15:26  Shield Battery  
  194  15:33  Dark Templar x2  
  198  15:38  Observer (Chrono Boost)  
  198  15:41  Nexus  
  192  15:46  Warp Prism (Chrono Boost), Photon Cannon  
  189  15:51  Stalker x2  
  189  15:53  Stalker  
  195  16:01  Pylon  
  194  16:09  Stalker  
  194  16:11  Photon Cannon  
  195  16:12  Pylon  
  169  16:33  Dark Templar x4  
  169  16:35  Dark Templar  
  169  16:36  Zealot x3  
  173  16:40  Stalker x4  
  164  16:59  Disruptor (Chrono Boost)  
  157  17:02  Observer (Chrono Boost)  
  158  17:19  Stalker x5, Dark Templar  
  158  17:20  Dark Templar x5  
  158  17:21  Disruptor (Chrono Boost)  
  177  17:23  Photon Cannon  
  177  17:26  Immortal (Chrono Boost)  
  181  17:38  Archon  
  181  17:43  Immortal (Chrono Boost)  
  168  17:54  Disruptor (Chrono Boost)  
  168  17:56  Dark Templar x2  
  162  18:01  Zealot x8  
  162  18:24  Dark Templar  
  70  19:07  Zealot x2  
  70  19:08  Zealot x4  
Show
View Real Time Build Order
Export as new Build Order

Astrea Protoss - Winner!

Build Orders: 1 Gate Expand, Phoenix Opening 

Get SALT Encoding   

  12  0:00  Probe  
  13  0:12  Probe  
  14  0:19  Pylon  
  14  0:24  Probe  
  15  0:37  Probe (Chrono Boost)  
  15  0:39  Gateway  
  16  0:46  Probe (Chrono Boost), Assimilator  
  17  0:51  Probe  
  18  1:03  Probe  
  19  1:15  Probe  
  20  1:23  Nexus  
  20  1:32  Cybernetics Core  
  20  1:35  Probe  
  21  1:44  Assimilator  
  21  1:48  Probe  
  21  1:51  Pylon  
  22  2:00  Probe  
  23  2:10  Sentry (Chrono Boost)  
  23  2:12  Probe  
  26  2:18  Warp Gate  
  26  2:25  Probe (Chrono Boost)  
  26  2:28  Stalker (Chrono Boost)  
  27  2:32  Shield Battery  
  27  2:35  Probe (Chrono Boost)  
  31  2:43  Probe (Chrono Boost)  
  32  2:44  Probe (Chrono Boost)  
  32  2:45  Phoenix  
  32  2:48  Robotics Facility  
  32  2:49  Probe (Chrono Boost)  
  33  2:52  Probe  
  33  2:58  Stalker  
  36  3:01  Probe (Chrono Boost)  
  37  3:07  Probe (Chrono Boost)  
  37  3:09  Shield Battery  
  37  3:14  Probe (Chrono Boost)  
  37  3:19  Probe (Chrono Boost)  
  38  3:22  Probe (Chrono Boost)  
  38  3:23  Shield Battery  
  38  3:24  Probe (Chrono Boost)  
  40  3:28  Pylon, Probe  
  41  3:35  Probe  
  41  3:40  Probe  
  43  3:42  Observer  
  43  3:47  Probe  
  42  3:52  Gateway, Probe  
  42  3:54  Pylon  
  43  3:59  Observer  
  44  4:04  Probe  
  44  4:08  Pylon, Observer  
  44  4:09  Stalker  
  46  4:13  Probe  
  46  4:14  Twilight Council  
  46  4:16  Probe  
  45  4:25  Probe  
  45  4:26  Pylon  
  45  4:28  Probe  
  45  4:31  Observer  
  48  4:34  Gateway  
  48  4:36  Gateway  
  48  4:37  Probe (Chrono Boost)  
  49  4:41  Stalker, Probe (Chrono Boost)  
  48  4:50  Probe (Chrono Boost)  
  48  4:52  Assimilator  
  50  4:53  Probe (Chrono Boost)  
  50  4:54  Dark Shrine  
  50  4:55  Blink (Chrono Boost)  
  50  4:59  Probe (Chrono Boost)  
  51  5:00  Probe (Chrono Boost)  
  51  5:04  Probe  
  53  5:07  Probe  
  53  5:12  Pylon  
  55  5:21  Stalker  
  55  5:23  Stalker  
  55  5:27  Nexus  
  58  5:29  Pylon  
  58  5:41  Pylon  
  58  5:44  Stalker  
  58  5:45  Stalker  
  58  5:46  Stalker  
  58  5:48  Probe  
  65  5:52  Probe  
  66  5:59  Pylon  
  66  6:00  Probe  
  67  6:04  Probe  
  67  6:08  Dark Templar x2  
  71  6:12  Probe  
  71  6:15  Shield Battery  
  71  6:16  Pylon, Probe  
  73  6:18  Pylon  
  73  6:24  Shadow Stride (Chrono Boost)  
  73  6:25  Forge, Probe  
  74  6:28  Probe  
  75  6:37  Probe  
  75  6:38  Stalker x2  
  80  6:40  Probe (Chrono Boost)  
  80  6:42  Probe (Chrono Boost)  
  82  6:48  Stalker x2  
  82  6:49  Probe (Chrono Boost)  
  82  6:53  Probe (Chrono Boost)  
  89  6:54  Probe (Chrono Boost)  
  89  6:56  Pylon  
  89  7:00  Probe (Chrono Boost)  
  90  7:02  Probe (Chrono Boost)  
  90  7:05  Probe (Chrono Boost)  
  90  7:06  Stalker x2  
  96  7:12  Stalker  
  96  7:13  Stalker  
  96  7:14  Pylon  
  96  7:15  Protoss Ground Weapons Level 1 (Chrono Boost)  
  100  7:19  Assimilator  
  100  7:20  Photon Cannon  
  100  7:29  Stalker  
  102  7:41  Probe  
  103  7:44  Stalker x3  
  103  7:49  Gateway  
  107  7:52  Gateway x2  
  107  7:54  Gateway  
  107  7:55  Charge  
  107  7:56  Zealot, Observer  
  109  8:00  Shield Battery  
  109  8:08  Stalker x3  
  109  8:11  Shield Battery  
  115  8:24  Zealot  
  117  8:27  Nexus  
  117  8:28  Pylon  
  117  8:33  Assimilator  
  117  8:35  Stalker x3  
  117  8:38  Observer  
  123  8:48  Stalker x4  
  131  8:51  Probe x3  
  131  8:52  Assimilator  
  131  8:55  Photon Cannon, Shield Battery  
  132  8:57  Pylon  
  132  8:58  Pylon  
  132  9:02  Observer (Chrono Boost)  
  133  9:03  Stalker  
  133  9:04  Probe x2  
  133  9:09  Dark Templar  
  139  9:11  Pylon  
  139  9:12  Dark Templar  
  139  9:17  Probe  
  139  9:23  Protoss Ground Weapons Level 2 (Chrono Boost)  
  136  9:24  Stalker x3  
  136  9:25  Probe  
  136  9:26  Observer  
  136  9:28  Probe  
  136  9:29  Probe  
  145  9:34  Gateway, Observer  
  145  9:35  Gateway  
  145  9:38  Probe  
  146  9:40  Probe  
  146  9:43  Probe x2  
  149  9:46  Photon Cannon  
  149  9:50  Probe  
  149  9:51  Dark Templar x2  
  149  9:52  Probe  
  154  10:05  Stalker x5  
  164  10:10  Observer  
  162  10:22  Stalker  
  162  10:24  Observer (Chrono Boost)  
  162  10:26  Gateway  
  162  10:27  Forge  
  165  10:31  Gateway  
  165  10:35  Zealot x2, Dark Templar x3  
  171  10:36  Zealot  
  171  10:38  Observer  
  171  10:42  Nexus  
  178  10:46  Pylon  
  178  10:49  Pylon x2  
  177  10:52  Dark Templar, Observer  
  177  10:56  Photon Cannon  
  179  10:58  Photon Cannon  
  175  11:07  Stalker x6  
  187  11:16  Observer  
  187  11:20  Photon Cannon, Assimilator  
  187  11:22  Assimilator, Observer  
  187  11:23  Protoss Ground Armor Level 1 (Chrono Boost)  
  187  11:25  Probe  
  187  11:29  Protoss Ground Weapons Level 3 (Chrono Boost)  
  187  11:30  Zealot x6  
  198  11:42  Photon Cannon  
  198  11:43  Photon Cannon  
  198  11:45  Shield Battery  
  198  11:51  Robotics Bay  
  198  11:52  Robotics Facility  
  198  11:54  Observer  
  198  12:00  Observer  
  168  12:31  Stalker x12  
  182  12:43  Probe  
  165  12:46  Observer  
  161  12:58  Dark Templar x7  
  161  12:59  Zealot x5  
  161  13:02  Protoss Ground Armor Level 2 (Chrono Boost)  
  161  13:03  Probe x5  
  190  13:15  Probe x2  
  168  13:30  Stalker x11  
  168  13:32  Probe x2  
  177  13:47  Observer  
  148  13:58  Stalker x5  
  148  13:59  Stalker x7  
  148  14:00  Protoss Shields Level 1 (Chrono Boost)  
  171  14:13  Nexus, Observer (Chrono Boost)  
  171  14:14  Pylon  
  171  14:15  Gravitic Boosters, Observer x2 (Chrono Boost)  
  171  14:29  Observer (Chrono Boost)  
  169  14:31  Observer (Chrono Boost)  
  169  14:33  Stalker x4  
  169  14:34  Zealot x6  
  169  14:37  Nexus  
  189  14:43  Photon Cannon  
  183  14:46  Shield Battery  
  181  14:57  Zealot x3, Dark Templar x4  
  181  14:58  Zealot x2  
  196  15:03  Pylon  
  192  15:36  Zealot  
  192  15:37  Zealot x3  
  186  15:52  Observer  
  172  16:09  Dark Templar x3  
  172  16:10  Zealot, Dark Templar x8  
  190  16:26  Photon Cannon, Shield Battery  
  166  16:43  Stalker x12  
  190  16:47  Gateway  
  190  16:48  Gateway  
  190  16:49  Photon Cannon  
  190  16:51  Pylon  
  190  16:53  Unknown  
  165  17:06  Probe  
  165  17:07  Probe x4  
  166  17:08  Probe  
  166  17:13  Zealot x12  
  190  17:19  Probe  
  191  17:27  Observer  
  190  17:38  Stalker x5  
  190  17:40  Observer  
  185  17:51  Zealot x2  
  185  17:52  Zealot x5  
  195  18:08  Assimilator x2  
  195  18:09  Dark Templar x3  
  199  18:18  Nexus  
  198  18:26  Zealot x3  
  198  18:27  Zealot x7  
  162  18:38  Probe  
  158  18:45  Observer  
  132  18:56  Stalker x4  

Tags
 
Add a new tag
Caveats
  • Supply blocks, unpowered buildings, or Contaminate may cause inaccurate times.
  • Supply counts are checked every 10 seconds.